 Dungeon Crawl Stone Soup version 0.30-a0-672-gc3a7216ad8 (webtiles) character file.

Game seed: 6395900503438555856

27 Dittersdorf the Covered (level 3, -2/24 HPs)
             Began as a Gargoyle Fighter on Jan 18, 2023.
             Slain by a gnoll
             ... wielding a +0 spear
              (6 damage)
             ... on level 2 of the Dungeon.
             The game lasted 00:00:58 (1071 turns).

Dittersdorf the Covered (Gargoyle Fighter)          Turns: 1071, Time: 00:00:59

Health: -2/24      AC: 10    Str: 21    XL:     3   Next: 10%
Magic:  3/3        EV:  9    Int:  8    God:
Gold:   57         SH:  4    Dex:  9    Spells: 2/2 levels left

rFire   . . .      SeeInvis .    a - +0 flail
rCold   . . .      Faith    .    c - +0 buckler
rNeg    + . .      Spirit   .    b - +0 scale mail
rPois   ∞          Reflect  .    (no helmet)
rElec   +          Harm     .    (no cloak)
rCorr   .          Rampage  .    (no gloves)
Will    .....                    (no boots) Stlth
                                 (no amulet)
HPRegen 0.24/turn                (no ring)
MPRegen 0.08/turn                (no ring)

@: no status effects
A: sickness immunity, AC +3, negative energy resistance 1, electricity
resistance, torment resistance 1, petrification resistance
a: no special abilities


You were on level 2 of the Dungeon.
You visited 1 branch of the dungeon, and saw 2 of its levels.

You collected 57 gold pieces.

Inventory:

Hand Weapons
 a - a +0 flail (weapon)
Missiles
 h - 6 poisoned darts (quivered)
Armour
 b - a +0 scale mail (worn)
 c - a +0 buckler (worn)
Jewellery
 e - a +6 ring of dexterity
Scrolls
 f - a scroll of torment {unknown}
 i - a scroll of identify {unknown}
Potions
 d - 2 potions of might
 g - a potion of lignification {unknown}
 j - a potion of mutation {unknown}


   Skills:
 + Level 3.6 Fighting
 + Level 2.4 Maces & Flails
 + Level 3.6 Armour
 + Level 3.6 Shields


You had 2 spell levels left.
You didn't know any spells.
Your spell library contained the following spells:

 Spells                   Type           Power      Damage    Failure   Level
 Hailstorm                Conj/Ice       0%         3d3       99%         3
 Ice Form                 Ice/Tmut       0%         N/A       100%        4
 Simulacrum               Ice/Necr       0%         N/A       100%        6


Dungeon Overview and Level Annotations

Branches:
Dungeon (2/15)

Altars:


Innate Abilities, Weirdness & Mutations

You are immune to sickness and miasma.
Your stone body is resilient. (AC +3)
You are immune to poison.
You resist negative energy. (rN+)
You are resistant to electric shocks. (rElec)
You are resistant to unholy torment.
You are immune to petrification.


Message History

A ball python comes into view.
The hobgoblin hits you but does no damage.
You block the gnoll's attack. The worm bites you but does no damage.
You barely miss the hobgoblin.
The hobgoblin is moderately wounded.
The hobgoblin barely misses you. The gnoll hits you but does no damage.
You barely miss the hobgoblin.
The hobgoblin is moderately wounded.
The gnoll hits you but does no damage. The hobgoblin barely misses you.
A gnoll comes into view. It is wielding a +0 flail.
The worm bites you but does no damage.
The gnoll hits you from afar with a +0 spear.
The hobgoblin hits you but does no damage.
You thump the hobgoblin!
You kill the hobgoblin!
The worm bites you! The gnoll hits you but does no damage.
A gnoll comes into view. It is wielding a +0 flail.
You have reached level 3!
Your experience leads to an increase in your attributes!
Increase (S)trength, (I)ntelligence, or (D)exterity?
You feel stronger. x2
You sock the worm!
The worm is heavily wounded.
The worm bites you.
You barely miss the worm.
The worm is moderately wounded.
The worm bites you.
* * * LOW HITPOINT WARNING * * *
You hit the worm.
The worm is heavily wounded.
You hit the worm.
The worm is severely wounded.
The worm bites you.
* * * LOW HITPOINT WARNING * * *
You sock the worm!
You kill the worm!
You hit the gnoll.
The gnoll is heavily wounded.
The gnoll hits you with a +0 spear.
You die...

#...... ...####).##..
#.....# #.......##..
#.?...# ######.##### .....#
#.# .....# #.### ##...####
####...# ######gg.###.##
##.####.###
...gS..w###...###...#.....#
..##.###.#@...........###.#
##g#...###...#.# #..
##.#.####...#.###.# #.#.#
#.#.#......# #....
##..†####### .##.## ##.## #
... #.# #### #.# ..#


You could see a gnoll.

Vanquished Creatures
  A worm (D:2)
  A dart slug (D:2)
  An endoplasm (D:1)
  4 giant cockroaches
  3 hobgoblins
  3 kobolds (D:1)
  A quokka (D:2)
  5 ball pythons
  3 rats
22 creatures vanquished.

Notes
Turn   | Place    | Note
-------+----------+-------------------------------------------
     0 | D:1      | Dittersdorf the Gargoyle Fighter began the quest for the
                  | Orb.
     0 | D:1      | Reached XP level 1. HP: 14/14 MP: 1/1
    92 | D:1      | Reached XP level 2. HP: 19/19 MP: 2/2
  1061 | D:2      | Reached XP level 3. HP: 9/23 MP: 3/3
  1071 | D:2      | Slain by a gnoll

Illustrated notes

Levels and vault maps discovered:
D:1:      dpeg_arrival_three_bigger_balls, layout_basic, serial_bayou_lagoon_a,
          minivault_24
D:2:      layout_loops_cross, shapermc_ecumenical_altar_starsandcircs

Action                   || total
-------------------------++-------
Melee: Flail             ||    87
Armor: Scale mail        ||    46
Dodge: Dodged            ||    47
Block: Buckler           ||    16

Table legend: (Time is in decaauts)
 A = Elapsed time spent in this place.
 B = Non-inter-level travel time spent in this place.
 C = Inter-level travel time spent in this place.
 D = Time resting spent in this place.
 E = Time spent auto-exploring this place.
 F = Levels seen in this place.
 G = Mean time per level.
                   A        B        C        D        E       F      G
               +--------+--------+--------+--------+--------+-----+--------+
         Total |   1105 |   1079 |     26 |     54 |    841 |   2 |  552.5 |
       Dungeon |   1105 |   1079 |     26 |     54 |    841 |   2 |  552.5 |
               +--------+--------+--------+--------+--------+-----+--------+

Top non-repeatable levels by time:
     D:1: 933 daAuts
     D:2: 171 daAuts
